 Dungeon Crawl Stone Soup version 0.28.0-43-g3370ac3207 (webtiles) character file.

Game seed: 15001736995971506316

36 Cykl0x the Digger (level 3, -1/19 HPs)
             Began as a Gargoyle Earth Elementalist on Mar 5, 2022.
             Frozen to death by an endoplasm (2 damage)
             ... on level 2 of the Dungeon.
             The game lasted 00:01:24 (1087 turns).

Cykl0x the Digger (Gargoyle Earth Elementalist)     Turns: 1087, Time: 00:01:25

Health: -1/19      AC:  6    Str: 11    XL:     3   Next: 37%
Magic:  0/6        EV: 12    Int: 17    God:
Gold:   24         SH:  0    Dex: 10    Spells: 6/7 levels left

rFire   . . .      SeeInvis .   d - +2 scimitar (holy)
rCold   . . .      Faith    .   e - orb {*channel}
rNeg    + . .      Spirit   .   b - +0 robe
rPois   ∞          Reflect  .   g - +0 helmet
rElec   +          Harm     .   (no cloak)
rCorr   .          Rampage  .   (no gloves)
Will    .....                   (no boots)
Stlth   ++........              (no amulet)
HPRegen 0.06/turn               (no ring)
MPRegen 0.10/turn               (no ring)

@: brilliant
A: sickness immunity, AC +3, negative energy resistance 1, electricity
resistance, torment resistance 1, petrification resistance
a: no special abilities


You were on level 2 of the Dungeon.
You visited 1 branch of the dungeon, and saw 2 of its levels.

You collected 24 gold pieces.

Inventory:

Hand Weapons
 d - a +2 scimitar of holy wrath (weapon)
Missiles
 c - 19 stones
Armour
 b - a +0 robe (worn)
 e - an orb of energy (worn)
 g - a +0 helmet (worn)
Scrolls
 f - a scroll of identify {unknown}
Potions
 a - 2 potions of brilliance


   Skills:
 + Level 1.6 Dodging
 - Level 2.1 Stealth
 + Level 2.5 Spellcasting
 * Level 1.7 Conjurations
 - Level 0.7 Transmutations
 + Level 4.1 Earth Magic
 + Level 0.1 Evocations


You had 6 spell levels left.
You knew the following spells:

 Your Spells              Type           Power      Damage    Failure   Level
a - Sandblast             Erth           48%        2d12      3%          1

Your spell library contained the following spells:

 Spells                   Type           Power      Damage    Failure   Level
 Passwall                 Tmut/Erth      12%        N/A       11%         2
 Stone Arrow              Conj/Erth      36%        3d9       17%         3
 Petrify                  Tmut/Erth      15%        N/A       56%         4


Dungeon Overview and Level Annotations

Branches:
Dungeon (2/15)

Altars:


Innate Abilities, Weirdness & Mutations

You are immune to sickness and miasma.
Your stone body is resilient. (AC +3)
You are immune to poison.
You resist negative energy. (rN+)
You are resistant to electric shocks. (rElec)
You are resistant to unholy torment.
You are immune to petrification.


Message History

The goblin no longer looks unusually strong.
The hobgoblin closely misses you. The hobgoblin barely misses you.
You barely miss the hobgoblin.
The hobgoblin is severely wounded.
The hobgoblin closely misses you.
You closely miss the hobgoblin.
The hobgoblin is severely wounded.
The goblin no longer looks unusually strong. x3
The hobgoblin hits you but does no damage.
You hit the hobgoblin.
You kill the hobgoblin!
You hit the hobgoblin.
The hobgoblin is moderately wounded.
The hobgoblin hits you but does no damage.
The hobgoblin barely misses you.
You closely miss the hobgoblin.
The hobgoblin is moderately wounded.
The hobgoblin hits you but does no damage.
You hit the hobgoblin.
The hobgoblin is almost dead.
The hobgoblin hits you but does no damage.
The hobgoblin misses you.
You closely miss the hobgoblin.
The hobgoblin is almost dead.
The hobgoblin barely misses you.
Casting: Sandblast (safe; 3% risk of failure)
Confirm with . or Enter, or press ? or * to list all spells.
Aiming: Sandblast (safe; 3% risk of failure)
Press: ? - help, Shift-Dir - straight line, f - hobgoblin
Aim: a hobgoblin (almost dead, 81% to hit)
You feel a surge of power!
The blast of sand hits the hobgoblin!
You kill the hobgoblin!
Unknown command.
You barely miss the endoplasm. The endoplasm freezes you.
You are frozen.
* * * LOW HITPOINT WARNING * * *
The endoplasm freezes you.
You are frozen.
You die...

#.# #.# #.####.#
####.###.....[#
....)J)..g#
...#.####g#######
#..ggg......
#...##J#######
### #@# #.# #.#
#.# #.# #.# #.#
#.# #.#


You could see an endoplasm and 5 goblins.

Vanquished Creatures
  Robin (D:2)
  3 endoplasms
  A giant cockroach (D:1)
  3 goblins
  4 hobgoblins
  A quokka (D:2)
  3 ball pythons (D:1)
  A bat (D:1)
  2 frilled lizards (D:1)
  2 kobolds (D:1)
  4 rats
25 creatures vanquished.

Notes
Turn   | Place    | Note
-------+----------+-------------------------------------------
     0 | D:1      | Cykl0x the Gargoyle Earth Elementalist began the quest for
                  | the Orb.
     0 | D:1      | Reached XP level 1. HP: 10/10 MP: 3/3
   168 | D:1      | Reached XP level 2. HP: 15/15 MP: 1/5
   263 | D:1      | Reached skill level 4 in Earth Magic
   588 | D:1      | Reached skill level 1 in Conjurations
  1063 | D:2      | Noticed Robin
  1070 | D:2      | Killed Robin
  1071 | D:2      | Reached XP level 3. HP: 5/19 MP: 0/6
  1087 | D:2      | Frozen to death by an endoplasm

Illustrated notes

Levels and vault maps discovered:
D:1:      minmay_arrival_radiant_lines, layout_loops_ring, columned_hall_lemuel
D:2:      layout_basic, chequers_ecumenical_altar_island, uniq_robin

Skill      XL: |  1  2 |
---------------+-------+-----
Earth Magic    | 4 |  4.1
Conjurations   | 1 |  1.7
Dodging        | |  1.6
Stealth        | |  2.1
Spellcasting   | |  2.5
Transmutations | |  0.7
Evocations     | |  0.1

Action                   || total
-------------------------++-------
Melee: Scimitar          ||    13
 Cast: Sandblast         ||    30
  Use: Scroll            ||     1
       Potion            ||     1
Armor: Robe              ||     8
Dodge: Dodged            ||    15
